cohdb
Replays
Latest Replays
All Replays
Popular Replays
Top Player Replays
Match Explorer
How It Works
Community
CoH3 Stats
Reddit
Sign in to upload your games and track your stats! →
Sign in with Steam
Match 40862227
Unlisted
Match 40862227
Overview
Messages
Build Orders
End
Panzerpioneer Squad
Selects Italian Infantry
Panzergrenadier Squad
250 Light Carrier
Construct Light Support Kompanie
Assault Grenadier Squad
Combat Half-tracks
Fire Support Elements
Flakvierling Half-track
Panzerjäger Mechanized Group
Selects Guastatori Squad
Guastatori Squad
le.IG 18 Support Gun Team
Vehicle Survival Package
Guastatori Squad
Guastatori Squad
Veteran Squad Leaders
2.5-tonne Medical Truck
Pak 38 Mechanized Group
Sparkle
Mo-J
RTX 5080 RYZEN 9800X3D ENJOYER
Numenour
0
0
Comments
sign in to comment!
No comments posted yet!